 Dungeon Crawl Stone Soup version 0.20.1-1-g8b1a95d (webtiles) character file.

1472 kae the Martial Artist (level 8, -1/65 HPs)
             Began as a Demonspawn Gladiator on Sept 15, 2017.
             Was an Initiate of Ru.
             Slain by Chisa's ghost (23 damage)
             ... on level 7 of the Dungeon.
             The game lasted 00:06:35 (6862 turns).

kae the Martial Artist (Demonspawn Gladiator)       Turns: 6862, Time: 00:06:37

Health: -1/65      AC:  8    Str: 15    XL:     8   Next: 49%
Magic:  8/8        EV: 13    Int: 13    God:    Ru [......]
Gold:   224        SH:  0    Dex: 16    Spells: 7/7 levels left

rFire    + . .     SeeInvis .     - Unarmed
rCold    + . .     Gourm    .   (no shield)
rNeg     + . .     Faith    .   a - +0 leather armour
rPois    .         Spirit   .   b - +0 helmet
rElec    .         Reflect  .   v - scarf {rC+ rF+}
rCorr    .         Harm     .   (no gloves)
MR       .....                  l - +0 pair of boots
Stlth    +.........             (no amulet)
Regen    0.2/turn               g - ring of positive energy
MPRegen  0.2/turn               m - +3 ring of intelligence

@: no status effects
A: molten scales 2, demonic guardian 1
a: Renounce Religion


You were on level 7 of the Dungeon.
You worshipped Ru.
Ru was noncommittal.
You were hungry.

You visited 2 branches of the dungeon, and saw 8 of its levels.

You collected 322 gold pieces.
You spent 98 gold pieces at shops.

Inventory:

Missiles
 c - a throwing net (quivered)
Armour
 a - a +0 leather armour (worn)
 b - a +0 helmet (worn)
 l - a +0 pair of boots (worn)
 q - a scarf of repulsion
 r - a +0 cloak
 v - a scarf of resistance (worn)
Jewellery
 g - a ring of positive energy (left hand)
 m - a +3 ring of intelligence (right hand)
 x - an uncursed amulet of regeneration {unknown}
Scrolls
 e - 4 scrolls of remove curse
 k - 3 scrolls of teleportation
 p - 3 scrolls of identify
 w - 3 scrolls of amnesia
Potions
 f - 3 potions of curing
 h - 6 potions of heal wounds
 j - 3 potions of lignification
 n - 2 potions of might
 o - a potion of mutation
 s - 2 potions of agility
 t - a potion of resistance
Comestibles
 d - 5 bread rations
 i - a meat ration
 u - 4 royal jellies


   Skills:
 + Level 6.6 Fighting
 - Level 1.7 Throwing
 - Level 2.6 Dodging
 * Level 8.3 Unarmed Combat


You had 7 spell levels left.
You didn't know any spells.

Dungeon Overview and Level Annotations

Branches:
Dungeon (7/15)             Temple (1/1) D:6

Altars:
Ashenzari
Cheibriados
Dithmenos
Elyvilon
Fedhas
Gozag
Hepliaklqana
Kikubaaqudgha
Makhleb
Nemelex Xobeh
Qazlal
Ru
Sif Muna
Trog
Uskayaw
Vehumet
Xom
Zin
The Shining One

Shops:
D:4 !

Annotations:
D:7 Chisa's ghost, novice TrMo


Innate Abilities, Weirdness & Mutations

You are mostly covered in molten scales. (AC +3)
A weak demonic guardian rushes to your aid.


Message History

Chisa's ghost hits you!
Your ufetubus hits Chisa's ghost but does no damage.
Your ufetubus barely misses Chisa's ghost.
You are too injured to fight recklessly!
You are too injured to fight recklessly!
You are too injured to fight recklessly!
You are too injured to fight recklessly!
You are too injured to fight recklessly!
You are too injured to fight recklessly!
Okay, then.
You closely miss Chisa's ghost.
Chisa's ghost is lightly damaged.
Your ufetubus hits Chisa's ghost.
Your ufetubus completely misses Chisa's ghost.
Chisa's ghost hits you!!
You closely miss Chisa's ghost.
Chisa's ghost is lightly damaged.
Your ufetubus closely misses Chisa's ghost. x2
Chisa's ghost hits you!!
You die...

...## .. ....## .
#.....# #. ..).#.. .
......# .. ##!
##.5....# ... .#
#..##5W..# ...# ...
#..@.# #..# #.. ##..##
...## #.# ##...# ....#
#.# ###....# ....#
#.###....#....#
.....##......###......
......#......##...####
........####......#
.....##..# ###.##..


You could see Chisa's ghost, a friendly white imp and a friendly ufetubus.

Vanquished Creatures
  2 ice beasts
  An ogre (D:4)
  A centaur (D:4)
  The ghost of Ratty the Gusty, an amateur OpAE (D:4)
  Blork the orc (D:4)
  A wyvern zombie (D:7)
  A scorpion (D:4)
  A crimson imp (D:6)
  A hound (D:4)
  A centaur skeleton (D:4)
  An orc priest (D:7)
  4 orc wizards
  An iguana (D:4)
  7 worker ants
  4 hound skeletons
  8 adders
  A shadow imp (D:7)
  5 oozes
  2 adder zombies
  An adder skeleton (D:4)
  3 worms
  8 leopard geckos
  27 orcs
  2 ball pythons
  3 bats
  3 giant cockroaches
  5 goblins
  7 hobgoblins
  11 jackals
  9 kobolds
  A quokka (D:5)
  8 frilled lizards
  2 jackal skeletons
  A quokka skeleton (D:4)
  12 rats
147 creatures vanquished.

Vanquished Creatures (collateral kills)
  An ice beast (D:6)
  An orc warrior (D:6)
  A centaur (D:4)
  A hound (D:4)
  An orc (D:6)
5 creatures vanquished.

Grand Total: 152 creatures vanquished

Notes
Turn   | Place    | Note
-------+----------+-------------------------------------------
     0 | D:1      | kae the Demonspawn Gladiator began the quest for the Orb.
     0 | D:1      | Reached XP level 1. HP: 16/16 MP: 1/1
    76 | D:1      | Reached skill level 3 in Unarmed Combat
    82 | D:1      | Gained mutation: You are partially covered in molten scales. (AC +2) [demonic ancestry]
    82 | D:1      | Reached XP level 2. HP: 19/22 MP: 2/2
   420 | D:1      | Reached XP level 3. HP: 24/28 MP: 3/3
  1613 | D:3      | Reached skill level 4 in Unarmed Combat
  1613 | D:3      | Gained mutation: A weak demonic guardian rushes to your aid. [demonic ancestry]
  1613 | D:3      | Reached XP level 4. HP: 29/35 MP: 4/4
  2095 | D:4      | Noticed an ogre
  2107 | D:4      | Killed an ogre
  2107 | D:4      | Gained mutation: You are mostly covered in molten scales. (AC +3) [demonic ancestry]
  2107 | D:4      | Reached XP level 5. HP: 34/42 MP: 5/5
  2372 | D:4      | Reached skill level 5 in Unarmed Combat
  2414 | D:4      | Reached XP level 6. HP: 25/48 MP: 6/6
  2532 | D:4      | Noticed Ratty's ghost (amateur OpAE)
  2693 | D:4      | Killed Ratty's ghost
  2915 | D:4      | Noticed an ice beast
  2930 | D:4      | Killed an ice beast
  3187 | D:4      | Reached skill level 6 in Unarmed Combat
  3282 | D:4      | Reached XP level 7. HP: 13/55 MP: 7/7
  3706 | D:4      | Noticed Blork the orc
  3845 | D:4      | Killed Blork the orc
  3845 | D:4      | Reached skill level 5 in Fighting
  4242 | D:4      | Found Tifupsoi's Distillery.
  4250 | D:4      | Bought a potion of lignification for 42 gold pieces
  4250 | D:4      | Bought a potion of agility for 56 gold pieces
  4315 | D:4      | Reached skill level 7 in Unarmed Combat
  4456 | D:5      | Entered Level 5 of the Dungeon
  4683 | D:5      | Reached XP level 8. HP: 43/64 MP: 8/8
  5243 | D:6      | Found an opulent altar of Gozag.
  5306 | D:6      | Found a staircase to the Ecumenical Temple.
  5321 | Temple   | Entered the Ecumenical Temple
  5432 | Temple   | Became a worshipper of Ru the Awakened
  5551 | D:6      | Found a sand-covered staircase.
  5783 | D:6      | Found a burning altar of Makhleb.
  5950 | D:6      | Reached skill level 8 in Unarmed Combat
  6853 | D:7      | Noticed Chisa's ghost (novice TrMo)
  6862 | D:7      | Slain by Chisa's ghost

Skill      XL: |  1  2  3  4  5  6  7  8 |
---------------+-------------------------+-----
Unarmed Combat | 3 4 5 6 7 8 |  8.3
Fighting       | 3 4 5 6 |  6.6
Throwing       | |  1.7
Dodging        | |  2.6

Action                   |  1- 3 |  4- 6 |  7- 9 || total
-------------------------+-------+-------+-------++-------
Melee: Unarmed           |   180 |   156 |   342 ||   678
       Punch             |     2 |     8 |    16 ||    26
Throw: Throwing net      |       |     3 |     1 ||     4
  Use: Scroll            |     8 |       |     3 ||    11
 Stab: Sleeping          |     2 |     1 |       ||     3
       Distracted        |       |     3 |     1 ||     4
  Eat: Meat ration       |     1 |       |       ||     1
       Chunk             |       |     3 |    11 ||    14
Armor: Leather armour    |    54 |    42 |    76 ||   172
Dodge: Dodged            |   127 |    81 |   214 ||   422
